 Dungeon Crawl Stone Soup version 0.29.0-11-gd7f09526c8 (webtiles) character file.

Game seed: 715843092699886098

31 freelancePsychic the Slasher (level 3, -1/30 HPs)
             Began as a Barachi Chaos Knight on Sept 3, 2022.
             Was a Follower of Fedhas.
             Slain by a quasit (3 damage)
             ... summoned by Xom
             ... on level 1 of the Dungeon.
             The game lasted 00:02:06 (1021 turns).

freelancePsychic the Slasher (Barachi Chaos Knight) Turns: 1021, Time: 00:02:06

Health: -1/30      AC:  7    Str: 13      XL:     3   Next: 22%
Magic:  3/3        EV: 10    Int: 12      God:    Fedhas [*.....]
Gold:   69         SH:  3    Dex: 11 (13) Spells: 2/2 levels left

rFire   . . .      SeeInvis .   a - +1 falchion (chaos)
rCold   . . .      Faith    .   p - +0 buckler
rNeg    . . .      Spirit   .   b - +2 leather armour
rPois   .          Reflect  .   o - +0 helmet
rElec   .          Harm     .   (no cloak)
rCorr   .          Rampage  .   d - +0 pair of gloves
Will    .....                   (no boots)
Stlth   +.........              (no amulet)
HPRegen 0.10/turn               (no ring)
MPRegen 0.08/turn               (no ring)

@: invisible, slow
A: amphibious, slowness 1, strong legs 1, +LOS
a: Hop, Renounce Religion


You were on level 1 of the Dungeon.
You worshipped Fedhas.
Fedhas was aware of your devotion.
You visited 1 branch of the dungeon, and saw 2 of its levels.

You collected 69 gold pieces.

Inventory:

Hand Weapons
 a - a +1 falchion of chaos (weapon)
Missiles
 i - 6 javelins
 j - 5 boomerangs
Armour
 b - a +2 leather armour (worn)
 d - a +0 pair of gloves (worn)
 o - a +0 helmet (worn)
 p - a +0 buckler (worn)
Scrolls
 e - a scroll of teleportation {unknown}
 f - a scroll of identify {@r1}
 g - a scroll of summoning {unknown}
 h - a scroll of amnesia {unknown}
 n - a scroll of noise {unknown}
Potions
 m - a potion of cancellation {unknown}
Miscellaneous
 c - a piece from Xom's chessboard (15/15) (quivered)


   Skills:
 + Level 4.1 Fighting
 * Level 4.7 Long Blades
 - Level 2.4 Armour
 - Level 1.1 Dodging
 + Level 0.1 Invocations


You had 2 spell levels left.
You didn't know any spells.
Your spell library was empty.

Dungeon Overview and Level Annotations

Branches:
Dungeon (2/15)

Altars:
Fedhas


Innate Abilities, Weirdness & Mutations

You are amphibious.
You cover ground slowly.
You can hop short distances.
You have an extended range of vision and can be seen from far away.


Message History

The shadow imp gestures at you. Pain shoots through your body!
You hit the quasit.
The quasit flickers and vanishes!
Deactivating autopickup; reactivate with Ctrl-A.
Something bites you but does no damage.
Something claws you but does no damage. x2
The shadow imp closely misses you. The white imp gestures at you.
The puff of frost hits the shadow imp.
The shadow imp resists.
The shadow imp dies!
The shadow imp disappears in a puff of smoke!
You miss something. Something bites you but does no damage.
Something claws you but does no damage. x2; You block something's attack.
Something claws you but does no damage. x2
You closely miss something. Something bites you but does no damage.
Something claws you but does no damage. x2
The white imp completely misses you.
You completely miss something. Something bites you. Something claws you.
You feel clumsy. Something claws you but does no damage.
The white imp gestures at you. The puff of frost hits you!
* * * LOW HITPOINT WARNING * * *
You miss something. You block something's attack.
Something claws you but does no damage. Something claws you.
* * * LOW HITPOINT WARNING * * *
The white imp barely misses you. Something bites you.
* * * LOW HITPOINT WARNING * * *
Something claws you.
* * * LOW HITPOINT WARNING * * *
Something claws you but does no damage.
You hit the white imp but do no damage.
Space warps around the white imp.
The white imp is heavily wounded.
Something bites you but does no damage. Something claws you but does no damage.
Something claws you.
* * * LOW HITPOINT WARNING * * *
The white imp barely misses you.
You barely miss something. Something bites you.
You die... "I guess I need a new plaything now."
Fedhas appreciates your contribution to the ecosystem.

..........#.......#
...#.##...#.......#
.....###'##.......##
...................#
...........#########
...........#
#..........#
#..........#############
########).....5{@5.....#
#..############.# #..#
#..# #..# ########..#
..........# #########.#
#)#


You could see an iron imp (summoned, unable to see you) and a white imp
(summoned, unable to see you).

Vanquished Creatures
  A dart slug (D:1)
  3 endoplasms (D:1)
  A giant cockroach (D:1)
  3 goblins (D:1)
  3 hobgoblins (D:1)
  3 jackals (D:1)
  6 kobolds
  A ball python (D:1)
  A bat (D:1)
  A frilled lizard (D:1)
  3 rats (D:1)
26 creatures vanquished.

Notes
Turn   | Place    | Note
-------+----------+-------------------------------------------
     0 | D:1      | freelancePsychic the Barachi Chaos Knight began the quest
                  | for the Orb.
     0 | D:1      | Reached XP level 1. HP: 18/18 MP: 1/1
    90 | D:1      | Reached XP level 2. HP: 10/25 MP: 2/2
   130 | D:1      | XOM: divination: detect items
   156 | D:1      | XOM: silly message
   343 | D:1      | Found a faded altar of an unknown god.
   403 | D:1      | You fall into a shaft and drop 1 floor!
   418 | D:2      | XOM: divination: detect items
   562 | D:1      | XOM: silly message
   619 | D:1      | Reached XP level 3. HP: 28/30 MP: 3/3
   707 | D:1      | Prayed at the altar of an unknown god.
   707 | D:1      | Fell from the grace of Xom
   707 | D:1      | Became a worshipper of Fedhas Madash
   707 | D:1      | Reached * piety under Fedhas
  1003 | D:1      | XOM: summons 4 hostile demons
  1020 | D:1      | HP: 1/30 [something (1)]
  1021 | D:1      | Slain by a quasit

Illustrated notes

Levels and vault maps discovered:
D:1:      dpeg_arrival_concentric_ovals, layout_basic, basic_ecumenical_altar
D:2:      layout_rooms, minmay_tiny_reverse_x

Skill      XL: |  1  2 |
---------------+-------+-----
Long Blades    | 4 |  4.7
Fighting       | 4 |  4.1
Armour         | |  2.4
Dodging        | |  1.1
Invocations    | |  0.1

Action                   || total
-------------------------++-------
Melee: Falchion          ||    80
       Punch             ||     1
  Use: Scroll            ||     2
       Potion            ||     1
 Stab: Confused          ||     1
       Invisible         ||     4
Armor: Leather armour    ||    46
Dodge: Dodged            ||    78
Block: Buckler           ||     6
